 Dungeon Crawl Stone Soup version 0.31-a0-167-g1c394c0614 (webtiles) character file.

Game seed: 6901752942084560966

154 mopl the Vexing (level 5, -4/29 HPs)
             Began as a Deep Elf Enchanter on June 14, 2023.
             Killed by divine providence
             ... invoked by an orc priest
              (8 damage)
             ... on level 3 of the Dungeon.
             The game lasted 00:04:19 (2095 turns).

mopl the Vexing (Deep Elf Enchanter)                Turns: 2095, Time: 00:04:20

Health: -4/29      AC:  3    Str:  8    XL:     5   Next: 13%
Magic:  13/13      EV: 12    Int: 22    God:
Gold:   103        SH:  0    Dex: 15    Spells: 1/12 levels left

rFire   + + .        a - +1 dagger
rCold   . . .        (no shield)
rNeg    . . .        p - +1 robe of the Alphagorgon {rPois rF++ Str+3}
rPois   +            (no helmet)
rElec   .            (no cloak)
rCorr   .            (no gloves)
SInv    .            (no boots)
Will    .....        (no amulet)
Stlth   +++          (no ring)
HPRegen 0.24/turn    (no ring)
MPRegen 0.13/turn

%: no passive effects
@: no status effects
A: no striking features
a: no special abilities


You were on level 3 of the Dungeon.
You visited 1 branch of the dungeon, and saw 3 of its levels.

You collected 103 gold pieces.

Inventory:

Hand Weapons
 a - a +1 dagger (weapon)
Missiles
 j - 4 atropa-tipped darts
Armour
 p - the +1 robe of the Alphagorgon (worn) {rPois rF++ Str+3}
   (You found it on level 2 of the Dungeon)

   Str:       It affects your strength (+3).
   rF:        It greatly protects you from fire.
   rPois:     It protects you from poison.
Scrolls
 e - a scroll of teleportation {unknown}
 f - a scroll of acquirement {unknown}
 g - 2 scrolls of revelation {unknown}
 h - a scroll of enchant armour {unknown}
 k - 3 scrolls of identify {unknown}
 o - a scroll of enchant weapon {unknown}
 q - a scroll of amnesia {unknown}
Potions
 b - a potion of curing {unknown}
 c - 2 potions of invisibility
 d - a potion of brilliance {unknown}
 i - a potion of might {unknown}
 l - a potion of ambrosia {unknown}
 m - 4 potions of heal wounds {unknown}
 n - a potion of cancellation {unknown}
 r - a potion of mutation {unknown}


   Skills:
 + Level 1.5 Fighting
 + Level 2.3 Short Blades
 - Level 2.4 Dodging
 + Level 4.6 Stealth
 + Level 4.2 Spellcasting
 + Level 4.9 Hexes


You had one spell level left.
You knew the following spells:

 Your Spells              Type           Power      Damage    Failure   Level
a - Dazzling Flash        Conj/Hex       30%        N/A       12%         3
b - Ensorcelled Hibernat  Hex/Ice        30%        N/A       6%          2
c - Confusing Touch       Hex            26%        N/A       4%          3
d - Tukima's Dance        Hex            26%        N/A       4%          3

Your spell library contained the following spells:

 Spells                   Type           Power      Damage    Failure   Level
 Magic Dart               Conj           16%        1d3       11%         1
 Blink                    Tloc           8%         N/A       17%         2
 Call Imp                 Summ           8%         N/A       17%         2
 Cigotuvi's Dreadful Rot  Necr/Pois/Air  8%         N/A       17%         2
 Lesser Beckoning         Tloc           8%         N/A       17%         2
 Momentum Strike          Conj/Tloc      8%         3d8       17%         2
 Poisonous Vapours        Pois/Air       8%         N/A       17%         2
 Ignite Poison            Fire/Tmut/Pois 4%         N/A       32%         3
 Mephitic Cloud           Conj/Pois/Air  4%         N/A       32%         3
 Volatile Blastmotes      Fire/Tloc      8%         2d10      32%         3
 Iskenderun's Mystic Bla  Conj/Tloc      4%         2d3       73%         4
 Freezing Cloud           Conj/Ice/Air   2%         6-21      97%         5
 Starburst                Conj/Fire      2%         6d3       100%        6


Dungeon Overview and Level Annotations

Branches:
Dungeon (3/15)

Altars:
Elyvilon


Message History

The giant cockroach bites you but does no damage.
You hit the giant cockroach but do no damage.
The giant cockroach is heavily wounded.
The giant cockroach closely misses you.
You hit the giant cockroach. You punch the giant cockroach.
You kill the giant cockroach!
Found a smoky amethyst potion.
Found a scroll labelled ZEYDOOW XIQYK.
The ball python hisses angrily.
An orc comes into view. It is wielding a +0 flail.
Found a scroll labelled CIWKUS JAWNISS.
The ball python bites you. The ball python barely misses you.
You hit the ball python.
You kill the ball python!
An orc comes into view. It is wielding a +0 flail.
Found a leather armour.
An orc comes into view. It is wielding a +0 dagger.
An orc priest and an orc come into view.
The orc shouts! x2
The orc hits you with a +0 flail! The orc closely misses you.
The orc priest begins to cast a cantrip, but forgets the words!
You hit the orc.
The orc is lightly wounded.
The orc hits you with a +0 dagger.
You hit the orc.
The orc is almost dead.
The orc hits you with a +0 flail. The orc misses you.
The orc hits you but does no damage.
You are too injured to fight recklessly!
Unknown command.
The orc hits you with a +0 flail!
* * * LOW HITPOINT WARNING * * *
The orc priest casts a cantrip, but nothing happens.
The orc attacks as you move away! The orc hits you with a +0 flail.
* * * LOW HITPOINT WARNING * * *
The orc attacks as you move away! The orc closely misses you.
The orc attacks as you move away! The orc closely misses you.
The orc priest invokes the aid of Beogh against you.
Beogh smites you!
You die...

#..........####.
#....?..o.......
##.?.........# #
#...#......!## #. #
#........o...#... #
..............# #.###
..#....o....## #.... .
#!†.oo....# #..##
#....@....# ..##.
#.........# ##..
#.........#### ###...
#..............##.....
##.........####....#...
#..........# ####.##..
#....<.....# #####..##.
#...#........###....<..##
#####........##..#...##..


You could see an orc priest and 4 orcs.

Vanquished Creatures
  2 orc wizards (D:3)
  2 adders
  2 worms
  3 dart slugs
  5 orcs
  6 endoplasms
  3 giant cockroaches
  8 goblins
  11 hobgoblins
  2 jackals (D:1)
  5 kobolds (D:1)
  A quokka (D:2)
  6 ball pythons
  5 bats
  5 frilled lizards
  3 rats
69 creatures vanquished.

Notes
Turn   | Place    | Note
-------+----------+-------------------------------------------
     0 | D:1      | mopl the Deep Elf Enchanter began the quest for the Orb.
     0 | D:1      | Reached XP level 1. HP: 10/10 MP: 6/6
    91 | D:1      | Reached XP level 2. HP: 13/16 MP: 8/8
   115 | D:1      | Learned a level 2 spell: Ensorcelled Hibernation
   235 | D:1      | Reached skill level 4 in Stealth
   313 | D:1      | Reached XP level 3. HP: 12/20 MP: 9/9
   317 | D:1      | Learned a level 3 spell: Confusing Touch
   321 | D:1      | Learned a level 3 spell: Tukima's Dance
   813 | D:2      | Reached skill level 1 in Fighting
  1187 | D:2      | Identified the +1 robe of the Alphagorgon {rPois rF++
                  | Str+3}
  1610 | D:2      | Reached XP level 4. HP: 25/25 MP: 11/11
  1693 | D:3      | Reached skill level 2 in Short Blades
  1701 | D:3      | Reached skill level 4 in Spellcasting
  1907 | D:3      | Reached XP level 5. HP: 29/29 MP: 13/13
  1911 | D:3      | Learned a level 3 spell: Dazzling Flash
  1961 | D:3      | Found a white marble altar of Elyvilon.
  2095 | D:3      | Killed from afar by an orc priest

Illustrated notes

Levels and vault maps discovered:
D:1:      lightli_arrival_windingriver, layout_loops_ring, minmay_octomino_c4
D:2:      wander_river, layout_basic, serial_bayou_pond_b
D:3:      layout_rooms, lemuel_round_altar, chequers_serial_rivers_micro_c,
          grunt_ministairs_8, uniq_sigmund

Skill      XL: |  1  2  3  4 |
---------------+-------------+-----
Stealth        | 4 |  4.6
Fighting       | 1 |  1.5
Short Blades   | 2 |  2.3
Spellcasting   | 4 |  4.2
Dodging        | |  2.4
Hexes          | |  4.9

Action                     |  1- 3 |  4- 6 || total
---------------------------+-------+-------++-------
  Melee: Dagger            |   148 |    33 ||   181
         Punch             |       |     1 ||     1
   Cast: Ensorcelled Hiber |     8 |    14 ||    22
   Stab: Sleeping          |    18 |    11 ||    29
         Distracted        |       |     1 ||     1
 Armour: Robe              |    15 |     5 ||    20
  Dodge: Dodged            |    94 |    30 ||   124

Table legend: (Time is in decaauts)
 A = Elapsed time spent in this place.
 B = Non-inter-level travel time spent in this place.
 C = Inter-level travel time spent in this place.
 D = Time resting spent in this place.
 E = Time spent auto-exploring this place.
 F = Levels seen in this place.
 G = Mean time per level.
                   A        B        C        D        E       F      G
               +--------+--------+--------+--------+--------+-----+--------+
         Total |   2098 |   2062 |     36 |    267 |   1265 |   3 |  699.3 |
       Dungeon |   2098 |   2062 |     36 |    267 |   1265 |   3 |  699.3 |
               +--------+--------+--------+--------+--------+-----+--------+

Top non-repeatable levels by time:
     D:2: 1084 daAuts
     D:1: 705 daAuts
     D:3: 309 daAuts
